 Dungeon Crawl Stone Soup version 0.26.1-11-gd32895ea62 (webtiles) character file.

Game seed: 5568686372690438242

7001 Arcadio the Nimble (level 11, -4/84 HPs)
             Began as a Merfolk Transmuter on May 20, 2021.
             Was an Elder of Okawaru.
             Killed from afar by a rime drake (9 damage)
             ... with a flash freeze
             ... on level 1 of the Lair of Beasts.
             The game lasted 00:41:53 (16035 turns).

Arcadio the Nimble (Merfolk Transmuter)            Turns: 16035, Time: 00:41:54

Health: -4/84      AC:  7    Str: 11    XL:     11   Next: 8%
Magic:  19/23      EV: 32    Int: 15    God:    Okawaru [****..]
Gold:   238        SH:  0    Dex: 15    Spells: 4/14 levels left

rFire    x . .     SeeInvis .     - Unarmed
rCold    + + +     Faith    .   (shield currently unavailable)
rNeg     . . .     Spirit   .   (armour currently unavailable)
rPois    +         Reflect  .   (helmet currently unavailable)
rElec    .         Harm     .   (cloak currently unavailable)
rCorr    .         Rampage  .   (gloves currently unavailable)
Will     +....                  (boots currently unavailable)
Stlth    +.........             c - amulet of the acrobat
HPRegen  0.24/turn              D - ring of willpower
MPRegen  0.18/turn              G - ring of magical power

@: ice-form, acrobat
A: large, (change form in water), (swift swim), (stealthy swim)
a: End Transformation, Renounce Religion, Heroism


You were on level 1 of the Lair of Beasts.
You worshipped Okawaru.
Okawaru was greatly pleased with you.
You were a creature of crystalline ice.
You visited 3 branches of the dungeon, and saw 11 of its levels.

You collected 417 gold pieces.
You spent 179 gold pieces at shops.

Inventory:

Hand Weapons
 w - a +0 spear
 x - a +1 trident of venom (melded)
Armour
 a - a +0 robe
 f - a +0 pair of gloves
 j - a +0 cloak (melded)
 l - a +0 chain mail of cold resistance
 o - a +0 ring mail
 r - a +2 leather armour of poison resistance (melded)
 t - a +2 pair of gloves (melded)
 I - a +0 helmet (melded)
Jewellery
 c - an amulet of the acrobat (around neck)
 y - an uncursed ring of positive energy
 D - a ring of willpower (left front paw)
 G - a ring of magical power (right front paw)
Wands
 g - a wand of polymorph (1)
 u - a wand of acid (9) (quivered)
 C - a wand of random effects (22)
 E - a wand of paralysis (3)
 F - a wand of digging (6)
Scrolls
 i - 2 scrolls of enchant armour {unknown}
 k - a scroll of random uselessness {unknown}
 m - a scroll of noise {unknown}
 n - a scroll of immolation {unknown}
 p - a scroll of teleportation
 q - 3 scrolls of remove curse
Potions
 b - 2 potions of cancellation
 d - 3 potions of might
 e - 2 potions of curing
 h - 5 potions of flight
 s - a potion of magic {unknown}
 v - 2 potions of attraction {unknown}
 z - a potion of brilliance {unknown}
 A - a potion of lignification {unknown}
 B - a potion of invisibility {unknown}
 H - 2 potions of resistance {unknown}


   Skills:
 - Level 1.1 Fighting
 + Level 5.4 Polearms
 + Level 11.4 Dodging
 + Level 10.0 Unarmed Combat
 - Level 2.0 Spellcasting
 - Level 10.2 Transmutations
 + Level 8.2 Ice Magic


You had 4 spell levels left.
You knew the following spells:

 Your Spells              Type           Power        Failure   Level
a - Beastly Appendage     Tmut           64%          1%          1
b - Wereblood             Tmut           32%          1%          2
c - Spider Form           Tmut/Pois      8%           9%          3
d - Ice Form              Ice/Tmut       29%          4%          4

Your spell library contained the following spells:

 Spells                   Type           Power        Failure   Level
 Ensorcelled Hibernation  Hex/Ice        26%          6%          2
 Corona                   Hex            1%           22%         1
 Confusing Touch          Hex            1%           54%         3
 Dazzling Flash           Conj/Hex       2%           54%         3
 Tukima's Dance           Hex            1%           54%         3
 Blade Hands              Tmut           16%          9%          5


Dungeon Overview and Level Annotations

Branches:
Dungeon (9/15)             Temple (1/1) D:4            Lair (1/6) D:9
    Orc: D:9-12

Altars:
Ashenzari
Cheibriados
Dithmenos
Elyvilon
Fedhas
Gozag
Hepliaklqana
Kikubaaqudgha
Makhleb
Nemelex Xobeh
Okawaru
Qazlal
Ru
Sif Muna
Trog
Uskayaw
Vehumet
Wu Jian
Xom
Yredelemnul
Zin
The Shining One

Shops:
D:5 =   D:7 (   D:8 :

Annotations:
D:4 Blork the orc
D:6 3 runed translucent doors, Glorbak's ghost, novice GrFi
D:7 3 runed translucent doors, teslan's ghost, novice MiBe


Message History

Your +2 leather armour of poison resistance melds into your body.
Your +1 trident of venom stops dripping with poison.
You no longer feel resistant to poison.
The blink frog hits you!
* * * LOW HITPOINT WARNING * * *
The blink frog closely misses you.
You feel better. The blink frog barely misses you.
You closely miss the blink frog.
The blink frog is lightly wounded.
The blink frog barely misses you.
You hit the blink frog.
The blink frog seems to slow down.
You freeze the blink frog.
The blink frog is moderately wounded.
The blink frog hits you!
* * * LOW HITPOINT WARNING * * *
A rime drake comes into view.
The blink frog is no longer moving slowly.
The blink frog blinks!
The rime drake breathes ice at you. The flash freeze hits you!
You partially resist.
You die...

#...# # #...#
#..!# # #....
#...# # #...#
#>..## # #...#
### #....# #
#...###P####...#
##
#..^...........#
#.
#..Y...F.......#
#.
#..............#
##
#...#.######...##
## #...###
#...P###. #..k#
#..P.ยง... .....#
#........ ......#
#........
.......#
#...##P#. .......
#...#####


You could see a blink frog and a rime drake (catching breath).

Vanquished Creatures
  2 death yaks (D:9)
  3 cane toads (Lair:1)
  A troll (D:8)
  3 blink frogs (Lair:1)
  2 steam dragons
  2 yaks (D:9)
  Menkaure (D:6)
  A water moccasin (D:9)
  Duvessa (D:6)
  An ice beast (D:8)
  2 orc warriors
  4 ogres
  3 phantoms
  7 centaurs
  A big kobold (D:9)
  7 bullfrogs
  Dowan (D:6)
  A scorpion (D:9)
  2 vampire bats (D:3)
  3 wights (D:6)
  3 howler monkeys (D:6)
  A quasit (D:8)
  A hound (D:9)
  A centaur zombie (D:7)
  4 orc priests (D:8)
  Ijyb (D:4)
  Natasha (thrice) (D:4)
  4 iguanas
  5 orc wizards
  4 worker ants
  A hound zombie (D:6)
  2 worker ant zombies
  Robin (D:2)
  A gnoll (D:7)
  5 adders
  A white imp (D:7)
  An ufetubus (D:6)
  3 oozes
  An adder skeleton (D:5)
  2 adder zombies
  3 worms (D:2)
  6 leopard geckos
  17 orcs
  2 giant cockroaches (D:1)
  16 goblins
  12 hobgoblins
  14 jackals
  4 quokkas
  2 ball pythons
  15 bats
  11 frilled lizards
  19 kobolds
  A leopard gecko skeleton (D:8)
  A quokka zombie (D:9)
  11 rats
227 creatures vanquished.

Vanquished Creatures (others)
  A human (D:3)
  A plant (D:4)
2 creatures vanquished.

Grand Total: 229 creatures vanquished

Notes
Turn   | Place    | Note
-------+----------+-------------------------------------------
     0 | D:1      | Arcadio the Merfolk Transmuter began the quest for the Orb.
     0 | D:1      | Reached XP level 1. HP: 15/15 MP: 3/3
   220 | D:1      | Reached skill level 3 in Dodging
   220 | D:1      | Reached XP level 2. HP: 19/21 MP: 3/5
   827 | D:1      | Reached XP level 3. HP: 22/26 MP: 4/6
   830 | D:1      | Learned a level 2 spell: Wereblood
   834 | D:1      | Learned a level 3 spell: Spider Form
  1454 | D:2      | Found a shimmering blue altar of Sif Muna.
  1454 | D:2      | Found a hide-covered altar of Uskayaw.
  2219 | D:2      | Noticed Robin
  2241 | D:2      | Killed Robin
  2242 | D:2      | Reached skill level 4 in Dodging
  2242 | D:2      | Reached XP level 4. HP: 16/32 MP: 3/7
  3250 | D:2      | Found a blossoming altar of Fedhas.
  3843 | D:3      | Reached XP level 5. HP: 35/37 MP: 6/8
  3948 | D:3      | Found an ancient bone altar of Kikubaaqudgha.
  3949 | D:3      | Noticed a human
  3952 | D:3      | Killed a human
  4564 | D:3      | Reached skill level 5 in Dodging
  4564 | D:3      | Reached skill level 5 in Transmutations
  4683 | D:3      | Reached XP level 6. HP: 43/43 MP: 7/9
  5015 | D:4      | Found a staircase to the Ecumenical Temple.
  5138 | D:4      | Reached skill level 5 in Unarmed Combat
  5142 | Temple   | Entered the Ecumenical Temple
  5510 | Temple   | Became a worshipper of Warmaster Okawaru
  5687 | D:4      | Found a shadowy altar of Dithmenos.
  5693 | D:4      | Noticed Ijyb
  5758 | D:4      | Killed Ijyb
  6078 | D:4      | Noticed Natasha
  6096 | D:4      | Killed Natasha
  6288 | D:4      | Noticed Blork the orc
  6638 | D:4      | Noticed Natasha
  6655 | D:4      | Killed Natasha
  6663 | D:4      | Noticed Natasha
  6682 | D:4      | Killed Natasha
  6834 | D:5      | Entered Level 5 of the Dungeon
  6944 | D:5      | Found Affefof's Jewellery Boutique.
  7106 | D:5      | Reached XP level 7. HP: 36/48 MP: 10/10
  7207 | D:5      | Reached skill level 6 in Dodging
  7231 | D:5      | Learned a level 4 spell: Ice Form
  7405 | D:5      | Reached skill level 1 in Ice Magic
  7699 | D:5      | Found a burning altar of Makhleb.
  7699 | D:5      | Noticed a blizzard demon
  8052 | D:6      | Reached * piety under Okawaru
  8318 | D:6      | Noticed Menkaure
  8434 | D:6      | Reached XP level 8. HP: 39/54 MP: 11/11
  8680 | D:7      | Reached skill level 7 in Dodging
  9050 | D:7      | Found Ryaguwud's Weapon Shoppe.
  9115 | D:7      | Bought a +1 trident of venom for 179 gold pieces
  9149 | D:7      | Noticed Duvessa
  9149 | D:7      | Noticed Dowan
  9165 | D:6      | Killed Duvessa
  9167 | D:6      | Killed Dowan
  9670 | D:6      | Reached skill level 8 in Dodging
 10010 | D:6      | Found a runed translucent gate.
 10010 | D:6      | Found a runed translucent gate.
 10011 | D:6      | Found a runed translucent gate.
 10011 | D:6      | Noticed Glorbak's ghost (novice GrFi)
 10056 | D:6      | Reached XP level 9. HP: 57/59 MP: 9/12
 10287 | D:6      | Killed Menkaure
 10961 | D:7      | Found a runed translucent gate.
 10961 | D:7      | Found a runed translucent gate.
 10984 | D:7      | Reached ** piety under Okawaru
 11165 | D:7      | Reached skill level 5 in Ice Magic
 11441 | D:7      | Found a runed translucent gate.
 11442 | D:7      | Found an opulent altar of Gozag.
 11443 | D:7      | Noticed teslan's ghost (novice MiBe)
 11443 | D:7      | Noticed a centaur warrior
 11443 | D:7      | Noticed a green ugly thing
 11898 | D:8      | Reached skill level 9 in Dodging
 11939 | D:8      | Found Efagothro's Book Shop.
 12851 | D:8      | Noticed a troll
 12896 | D:8      | Killed a troll
 13544 | D:8      | Reached *** piety under Okawaru
 13849 | D:8      | Reached XP level 10. HP: 65/65 MP: 11/13
 14645 | D:9      | Reached skill level 10 in Dodging
 14645 | D:9      | Reached skill level 10 in Transmutations
 14760 | D:9      | Noticed a death yak
 14761 | D:9      | Found a staircase to the Lair.
 14801 | D:9      | Killed a death yak
 14985 | D:9      | Noticed a death yak
 14985 | D:9      | Noticed a death yak
 14991 | D:9      | Noticed a two-headed ogre
 15025 | D:9      | Killed a death yak
 15025 | D:9      | Reached **** piety under Okawaru
 15053 | D:9      | Found a radiant altar of Vehumet.
 15284 | D:9      | Found an opulent altar of Gozag.
 15795 | Lair:1   | Entered Level 1 of the Lair of Beasts
 15811 | Lair:1   | Noticed a cane toad
 15818 | Lair:1   | Killed a cane toad
 15819 | Lair:1   | Reached skill level 11 in Dodging
 15945 | Lair:1   | Noticed a cane toad
 15946 | Lair:1   | Noticed a cane toad
 15955 | Lair:1   | Killed a cane toad
 15957 | Lair:1   | Killed a cane toad
 15975 | Lair:1   | Reached skill level 5 in Polearms
 15975 | Lair:1   | Reached XP level 11. HP: 61/70 MP: 14/14
 16007 | Lair:1   | Reached skill level 10 in Unarmed Combat
 16035 | Lair:1   | Killed from afar by a rime drake

Illustrated notes

Levels and vault maps discovered:
D:1:      matt_arrival_los_fun, layout_loops_ring, item_on_display_a
D:2:      minmay_door_path, layout_basic, grunt_temple_overflow_open,
          serial_corexii_hall, chequers_hall_statues_corner_a,
          chequers_hall_statues_wall_a, corexii_hall_statues_u,
          corexii_hall_statues_t, fedhas_altar_4, uniq_robin
D:3:      layout_basic, minmay_misc_feat_cross, roderic_batcave,
          tgw_kikubaaqudgha
D:4:      layout_basic, minmay_temple_entry_gardened_gates,
          nicolae_dithmenos_shadow_blocks, uniq_ijyb, uniq_blork_the_orc,
          uniq_natasha
D:5:      layout_loops_ring, serial_shops, nicolae_shop_behind_doors,
          grunt_decor_junction, makhleb_altar_promises_db
D:6:      layout_basic, ebering_ghost_rock_garden, minmay_misc_feat_pillars,
          uniq_menkaure
D:7:      layout_basic, serial_shops, shop_fountains, enter_bailey_7,
          ebering_ghost_gozag, hangedman_abyss_or_decor_lesser_grid,
          roderic_lattice_a, uniq_duvessa
D:8:      layout_loops_ring, serial_shops, shop_statue,
          kennysheep_generic_room_15
D:9:      layout_roguey, gammafunk_temple_overflow_wave, dpeg_lair_monsters,
          minmay_holes
Temple:   dpeg_five_rooms_temple
Lair:1:   layout_long_grid, portal_ice_cave_rime

Skill      XL: |  1  2  3  4  5  6  7  8  9 10 11 |
---------------+----------------------------------+-----
Dodging        | 3 4 5 6 8 9 11 | 11.4
Transmutations | 3 4 5 6 8 9 10 | 10.2
Unarmed Combat | 4 5 6 7 8 9 10 | 10.0
Ice Magic      | 2 4 6 8 |  8.2
Polearms       | 5 |  5.4
Fighting       | |  1.1
Spellcasting   | |  2.0

Action                   |  1- 3 |  4- 6 |  7- 9 | 10-12 || total
-------------------------+-------+-------+-------+-------++-------
Melee: Unarmed           |   128 |   257 |   177 |    25 ||   587
       Headbutt          |    12 |    36 |    60 |    25 ||   133
       Punch             |       |     5 |     9 |     5 ||    19
       Trident           |       |       |   228 |   149 ||   377
 Cast: Beastly Appendage |    26 |    42 |    43 |    16 ||   127
       Wereblood         |     1 |       |     5 |     5 ||    11
       Ice Form          |       |       |     2 |     3 ||     5
Invok: Heroism           |       |       |     5 |     6 ||    11
  Use: Scroll            |     2 |     6 |       |     3 ||    11
       Potion            |       |       |     1 |     2 ||     3
 Stab: Sleeping          |     2 |     4 |     1 |       ||     7
Armor: Robe              |    20 |    26 |       |       ||    46
       Leather armour    |       |    12 |   102 |    24 ||   138
       Skin              |       |     1 |     2 |     1 ||     4
Dodge: Dodged            |    81 |   157 |   434 |   210 ||   882
